[Event "ICC tourney 2069 (15 5)"]
[Site "Internet Chess Club"]
[Date "2020.10.18"]
[Round "1"]
[White "Vihaanchowdhary"]
[Black "CastledQueen"]
[Result "1-0"]
[ICCResult "Black resigns"]
[WhiteElo "1615"]
[BlackElo "1661"]
[Opening "King's Indian: Kramer system"]
[ECO "E70"]
[NIC "KI.31"]
[Time "12:10:18"]
[TimeControl "900+5"]

1. d4 Nf6 2. c4 g6 3. Nc3 Bg7 4. e4 d6 5. Nge2 Nbd7 6. Ng3 c6 7. Be2 Qc7 8.
h4 h5 9. Bg5 e5 10. d5 c5 11. Nb5 Qb8 12. Bxf6 Nxf6 13. Qa4 O-O 14. Qd1 a6
15. Nc3 Bd7 16. Qd2 Kh7 17. Qd1 b5 18. Bxh5 gxh5 19. Nxh5 Ng4 20. Nxg7 Kxg7
21. Rh3 f5 22. Rg3 Kh7 23. exf5 Nh6 24. Ne4 Rxf5 25. Ng5+ Kh8 26. Qh5 Qf8
27. Qg6 Qg7 28. Qxd6 Rf6 29. Ne6 Qh7 30. Qxe5 Ng8 31. Rxg8+ Kxg8 32. Qxf6
Qe4+ 33. Kf1 Bxe6 34. Qxe6+ Qxe6 35. dxe6 Re8 36. Re1 Kg7 37. f4 Kf6 38. g4
b4 39. f5 a5 40. b3 Rg8 41. e7 Re8 42. Kf2 {Black resigns} 1-0

[Event "ICC tourney 2069 (15 5)"]
[Site "Internet Chess Club"]
[Date "2020.10.18"]
[Round "1"]
[White "Omk"]
[Black "arya2"]
[Result "0-1"]
[ICCResult "White forfeits on time"]
[WhiteElo "1444"]
[BlackElo "1958"]
[Opening "Sicilian: closed, 2...Nc6"]
[ECO "B23"]
[NIC "SI.44"]
[Time "12:05:47"]
[TimeControl "900+5"]

1. e4 c5 2. Nc3 Nc6 3. Nf3 d6 4. Bc4 e6 5. d3 Nf6 6. O-O Be7 7. Re1 O-O 8.
Bg5 a6 9. a3 b5 10. Ba2 Bb7 11. b4 cxb4 12. axb4 Nxb4 13. h3 Nxa2 14. Rxa2
h6 15. Bxf6 Bxf6 16. Ra3 b4 17. Rb3 Bxc3 18. Re3 a5 19. d4 a4 20. Rb1 a3 21.
Rxc3 bxc3 22. Rxb7 a2 23. Qa1 Qa5 24. Ne1 Rfb8 25. Rb3 Rxb3 26. cxb3 Qa3 27.
Nc2 Qb2 28. Kf1 Ra3 {White forfeits on time} 0-1

[Event "ICC tourney 2069 (15 5)"]
[Site "Internet Chess Club"]
[Date "2020.10.18"]
[Round "1"]
[White "tidalwave09"]
[Black "Yeeterino0103"]
[Result "1-0"]
[ICCResult "Black checkmated"]
[WhiteElo "1449"]
[BlackElo "1292"]
[Opening "QGD: Marshall defense"]
[ECO "D06"]
[NIC "QP.08"]
[Time "12:05:41"]
[TimeControl "900+5"]

1. d4 d5 2. c4 Nf6 3. cxd5 Nxd5 4. e4 Nf6 5. Nf3 Nxe4 6. Bd3 Nf6 7. O-O Nc6
8. Nc3 Bg4 9. h3 Bxf3 10. Qxf3 Nxd4 11. Qxb7 e6 12. Be3 Bc5 13. Bb5+ Nxb5
14. Qxb5+ Nd7 15. Bxc5 c6 16. Qc4 Rb8 17. Ba3 Ne5 18. Qe4 Qf6 19. f4 Nd7 20.
Qxc6 Qd8 21. Nb5 Qb6+ 22. Qxb6 Nxb6 23. Rfd1 Nc4 24. Nc7# {Black checkmated}
1-0

[Event "ICC tourney 2069 (15 5)"]
[Site "Internet Chess Club"]
[Date "2020.10.18"]
[Round "1"]
[White "chessprogidy"]
[Black "zachgurion"]
[Result "1-0"]
[ICCResult "Black checkmated"]
[WhiteElo "1433"]
[BlackElo "1187"]
[Opening "Queen's bishop game"]
[ECO "D00"]
[NIC "QP.08"]
[Time "12:05:51"]
[TimeControl "900+5"]

1. d4 d5 2. Bf4 Nf6 3. Nf3 g6 4. e3 Bg7 5. h3 O-O 6. Be2 Nc6 7. O-O Bf5 8.
c3 Bxb1 9. Rxb1 Ne4 10. Bd3 g5 11. Bh2 f5 12. Qb3 g4 13. Bxe4 fxe4 14. Ng5
e5 15. Ne6 Qf6 16. Nxf8 exd4 17. Qxd5+ Kxf8 18. hxg4 dxc3 19. bxc3 Qxc3 20.
Qxe4 Be5 21. Bxe5 Nxe5 22. Qxh7 Re8 23. Rbc1 Qb4 24. Rxc7 Qxg4 25. Qh8+ Qg8
26. Qxg8+ Kxg8 27. Rxb7 Nc6 28. Rc7 Ne5 29. Rxa7 Kh8 30. Rc7 Rg8 31. g3 Nf3+
32. Kg2 Nh4+ 33. Kg1 Nf3+ 34. Kh1 Nd2 35. Rd1 Ne4 36. Kg2 Rf8 37. Rh1+ Kg8
38. f3 Nd2 39. f4 Ne4 40. a4 Nf6 41. a5 Nd5 42. Rch7 Nxe3+ 43. Kf3 Nf5 44.
Rh8+ Kg7 45. Rxf8 Kxf8 46. Ra1 Nd4+ 47. Ke4 Nc2 48. Rc1 Nb4 49. Rb1 Nc6 50.
a6 Ke7 51. Rb7+ Kd6 52. a7 Nxa7 53. Rxa7 Kc6 54. Rh7 Kd6 55. g4 Ke6 56. f5+
Kf6 57. Rh6+ Kg5 58. Rg6+ Kh4 59. Kf3 Kh3 60. Rh6# {Black checkmated} 1-0

[Event "ICC tourney 2069 (15 5)"]
[Site "Internet Chess Club"]
[Date "2020.10.18"]
[Round "1"]
[White "alanl"]
[Black "saathvikdasari"]
[Result "0-1"]
[ICCResult "White resigns"]
[WhiteElo "1823"]
[BlackElo "1319"]
[Opening "French: King's Indian attack"]
[ECO "C00"]
[NIC "FR.02"]
[Time "12:12:50"]
[TimeControl "900+5"]

1. e4 e6 2. d3 d5 3. Nd2 c5 4. Ngf3 Nc6 5. g3 Bd6 6. Bg2 dxe4 7. Nxe4 Be7 8.
O-O Nf6 9. Be3 Nxe4 10. dxe4 O-O 11. Qe2 e5 12. Rac1 Nd4 13. Nxd4 cxd4 14.
Rfd1 Qc7 15. Bd2 Be6 16. f4 Qb6 17. Qf2 Bc5 18. Re1 f6 19. f5 Bd7 20. b3
Rac8 21. Kh1 d3 22. Be3 Bxe3 23. Rxe3 Rxc2 24. Qg1 Rxc1 25. Qxc1 Rc8 26. Qd2
Bb5 27. Re1 Rc2 28. Qd1 Qf2 29. Rg1 Re2 30. Qf1 Qxf1 31. Rxf1 d2 32. Bf3 Re1
33. Kg2 Bxf1+ {White resigns} 0-1

[Event "ICC tourney 2069 (15 5)"]
[Site "Internet Chess Club"]
[Date "2020.10.18"]
[Round "1"]
[White "JadeTooth"]
[Black "mahugege"]
[Result "1-0"]
[ICCResult "Black checkmated"]
[WhiteElo "1510"]
[BlackElo "1297"]
[Opening "Sicilian: closed"]
[ECO "B23"]
[NIC "SI.44"]
[Time "12:06:04"]
[TimeControl "900+5"]

1. e4 c5 2. Nc3 d6 3. g3 Nd7 4. Bg2 Ngf6 5. Nge2 e6 6. d3 Be7 7. h3 O-O 8.
O-O Nb6 9. Be3 d5 10. exd5 exd5 11. d4 c4 12. Nf4 Bf5 13. Rc1 Qc8 14. Ncxd5
Nfxd5 15. Bxd5 Bxh3 16. Bxb7 Qxb7 17. Nxh3 Nd5 18. Rb1 Nxe3 19. fxe3 Bd6 20.
Qf3 Qc7 21. Kg2 Rae8 22. e4 Re6 23. e5 Be7 24. Nf4 Rb6 25. Nd5 Qd8 26. Nxb6
axb6 27. Rh1 Qxd4 28. Rh2 Qxe5 29. Rbh1 h6 30. Qg4 Qd5+ 31. Qf3 Qd2+ 32. Qf2
Qxf2+ 33. Kxf2 Bc5+ 34. Kf3 Rb8 35. b3 b5 36. Rd1 cxb3 37. axb3 b4 38. Rd5
Bf8 39. Rhd2 Kh7 40. Rd7 f6 41. R2d5 Rc8 42. Rd8 Rc3+ 43. Rd3 Be7 44. Rxc3
bxc3 45. Rc8 Bb4 46. Rc4 Ba5 47. b4 Bb6 48. Rxc3 Kg6 49. Rb3 h5 50. c4 Kg5
51. c5 Bc7 52. b5 f5 53. b6 Bb8 54. c6 h4 55. gxh4+ Kxh4 56. c7 Bxc7 57.
bxc7 g5 58. c8=Q g4+ 59. Kg2 f4 60. Qh8+ Kg5 61. Rb5+ Kg6 62. Qg8+ Kf6 63.
Rb6+ Ke5 64. Qe6+ Kd4 65. Qd7+ Ke3 66. Re6# {Black checkmated} 1-0

[Event "ICC tourney 2069 (15 5)"]
[Site "Internet Chess Club"]
[Date "2020.10.18"]
[Round "1"]
[White "mortonaw"]
[Black "fdhamija"]
[Result "1-0"]
[ICCResult "Black checkmated"]
[WhiteElo "1477"]
[BlackElo "1311"]
[Opening "French defense"]
[ECO "C00"]
[NIC "FR.01"]
[Time "12:06:03"]
[TimeControl "900+5"]

1. e4 e6 2. Nf3 d5 3. exd5 exd5 4. d4 Bd6 5. c4 dxc4 6. Bxc4 Nf6 7. O-O O-O
8. Nc3 Bg4 9. Bg5 Nbd7 10. Qd3 h6 11. Bh4 h5 12. Rfe1 Bxf3 13. Qxf3 Bxh2+
14. Kxh2 Ng4+ 15. Qxg4 hxg4 16. Bxd8 Raxd8 17. Re7 Nb6 18. Bb3 Rxd4 19. Rxc7
g6 20. Rxb7 Kg7 21. Rd1 Rh8+ 22. Kg3 Rxd1 23. Rxf7+ Kh6 24. Nxd1 Rd8 25.
Rxa7 Rd4 26. Ne3 Rd3 27. Kxg4 Nc8 28. Ra6 Rd4+ 29. Kf3 Kh5 30. g4+ Kg5 31.
Ra5+ Kh6 32. Ra6 Kg5 33. Ke2 Ne7 34. Ra4 Rd6 35. f4+ Kh4 36. f5 Kg3 37. fxg6
Nxg6 38. Nf5+ Kh2 39. Nxd6 Nf4+ 40. Kf3 Ne2 41. g5 Nf4 42. Kxf4 Kh1 43. g6
Kh2 44. g7 Kh1 45. g8=Q Kh2 46. Kf3 Kh1 47. Rh4# {Black checkmated} 1-0

[Event "ICC tourney 2069 (15 5)"]
[Site "Internet Chess Club"]
[Date "2020.10.18"]
[Round "1"]
[White "blueidolon"]
[Black "patzer2020"]
[Result "0-1"]
[ICCResult "White resigns"]
[WhiteElo "1311"]
[BlackElo "1477"]
[Opening "Sicilian: Canal-Sokolsky (Nimzovich-Rossolimo, Moscow) attack"]
[ECO "B51"]
[NIC "SI.01"]
[Time "12:06:13"]
[TimeControl "900+5"]

1. e4 c5 2. Nf3 d6 3. Bb5+ Nc6 4. Nc3 Nf6 5. d3 g6 6. Bg5 Bg7 7. h3 O-O 8.
O-O a6 9. Bxc6 bxc6 10. Ne2 Nd7 11. Ng3 Bxb2 12. Rb1 Bg7 13. Qd2 d5 14. c4
d4 15. Nh4 Re8 16. Rfe1 Qc7 17. Bf4 e5 18. Bg5 a5 19. Bh6 Nb6 20. Bxg7 Kxg7
21. Qg5 Na4 22. Nhf5+ Kh8 23. Nh6 Kg7 24. Nh5+ Kf8 25. Nf6 Re7 26. Nxh7+ Kg7
27. Nf6 Be6 28. Nh5+ Kh7 29. Nf6+ Kg7 30. h4 Rh8 31. Nf5+ Bxf5 32. exf5 Nc3
33. Rb2 e4 34. Ng4 Kf8 35. f6 Re6 36. Rd2 Rh5 37. Qxh5 gxh5 38. Nh2 Qf4 39.
Rf1 Qxd2 {White resigns} 0-1

[Event "ICC tourney 2069 (15 5)"]
[Site "Internet Chess Club"]
[Date "2020.10.18"]
[Round "1"]
[White "greasyaluminum"]
[Black "hackerguru"]
[Result "0-1"]
[ICCResult "White resigns"]
[WhiteElo "1365"]
[BlackElo "1765"]
[Opening "Sicilian: Labourdonnais-Löwenthal variation"]
[ECO "B32"]
[NIC "SI.32"]
[Time "12:05:59"]
[TimeControl "900+5"]

1. e4 c5 2. Nf3 Nc6 3. d4 cxd4 4. Nxd4 e5 5. Nb3 Nf6 6. Nc3 Bb4 7. Bd3 d5 8.
exd5 Nxd5 9. Bd2 Nxc3 10. bxc3 Bd6 11. O-O Be6 12. Re1 O-O 13. Qh5 g6 14.
Qh6 f5 15. h4 e4 16. Bf1 Qf6 17. Rad1 Be5 18. Nc5 Bc8 19. Bg5 Qg7 20. Qxg7+
Bxg7 21. Re3 h6 22. Bf4 Kh7 23. Bb5 Ne5 24. Bxe5 Bxe5 25. Nd7 Bxd7 26. Rxd7+
Bg7 27. f3 a6 28. Ba4 b5 29. Bb3 Rad8 30. Rxd8 Rxd8 31. fxe4 fxe4 32. Rxe4
Bxc3 33. Re7+ Bg7 34. Re6 a5 35. a4 bxa4 36. Bxa4 Rd2 37. Re7 h5 38. Kf1 Kh6
39. Re2 Rd1+ 40. Kf2 Rd4 41. Bb3 Rxh4 42. Re6 a4 43. Bd5 a3 44. Ra6 Bb2 45.
g3 Rg4 46. Kf3 Be5 47. Ke2 Rxg3 48. c4 Rh3 49. c5 Rc3 50. Be4 Rg3 51. c6 Rh3
52. Bg2 Rb3 53. Bd5 Rc3 54. Kd2 Rc5 55. Bb3 h4 56. Be6 Kg5 57. Bd7 Bb2 58.
Ra7 h3 59. Be8 h2 60. Rh7 a2 61. Rxh2 a1=Q 62. Rg2+ Kf4 63. Rf2+ Ke5 64.
Re2+ Kd6 {White resigns} 0-1

[Event "ICC tourney 2069 (15 5)"]
[Site "Internet Chess Club"]
[Date "2020.10.18"]
[Round "1"]
[White "NightMovesTN"]
[Black "prkukuku"]
[Result "1-0"]
[ICCResult "Black resigns"]
[WhiteElo "2230"]
[BlackElo "1328"]
[Opening "Giuoco Piano"]
[ECO "C54"]
[NIC "IG.02"]
[Time "12:06:04"]
[TimeControl "900+5"]

1. e4 e5 2. Nf3 Nc6 3. Bc4 Bc5 4. c3 Nf6 5. d3 a6 6. b4 Ba7 7. O-O d5 8.
exd5 Nxd5 9. Qb3 Be6 10. Ng5 O-O 11. Nxe6 fxe6 12. Nd2 Nxc3 13. Qxc3 Bd4 14.
Qc2 Bxa1 15. Ne4 Nd4 16. Qd1 Bc3 17. Nxc3 b5 18. Bb3 Nxb3 19. axb3 Qd4 20.
Ne4 Qxb4 21. Be3 Rf5 22. Bc5 Qa5 23. Qc2 c6 24. Nd6 Rg5 25. Be3 Rg6 26. Qxc6
Qd8 27. Qc5 h5 28. Qxe5 h4 29. h3 Qf6 30. Qxf6 Rxf6 31. Rc1 Rd8 32. Ne4 Rf5
33. d4 e5 34. d5 Rxd5 35. Ra1 Rd3 36. Rxa6 Rxb3 37. Kf1 b4 38. Ke2 Ra3 39.
Rb6 b3 40. Nd2 Ra2 41. Rxb3 Rf6 42. Rb4 Rg6 43. Rg4 Rxg4 44. hxg4 Kh7 45.
Kf3 Kg6 46. Nc4 Kf6 47. Ke4 Ra4 48. Kd5 g5 49. Bc1 Ra2 50. Bb2 Ra4 51. Bxe5+
Kg6 52. Bd4 Ra5+ 53. Nxa5 {Black resigns} 1-0

[Event "ICC tourney 2069 (15 5)"]
[Site "Internet Chess Club"]
[Date "2020.10.18"]
[Round "1"]
[White "Futurebus"]
[Black "Newton209"]
[Result "1-0"]
[ICCResult "Black resigns"]
[WhiteElo "1422"]
[BlackElo "1268"]
[Opening "Ruy Lopez: Caro variation"]
[ECO "C70"]
[NIC "RL.09"]
[Time "12:05:43"]
[TimeControl "900+5"]

1. e4 e5 2. Nf3 Nc6 3. Bb5 a6 4. Ba4 b5 5. Bb3 Nf6 6. O-O Bc5 7. Nxe5 Nxe5
8. d4 Nf3+ 9. gxf3 Bb6 10. Bg5 O-O 11. e5 d6 12. exf6 gxf6 13. Bh6 Re8 14.
c3 Bh3 15. Re1 f5 16. Rxe8+ Qxe8 17. Nd2 Kh8 18. Nf1 Qg8+ 19. Ng3 f4 20.
Bxf4 Qg6 21. Bc2 Qf6 22. Qd2 c5 23. dxc5 dxc5 24. Re1 Qc6 25. Be4
{Black resigns}
1-0

[Event "ICC tourney 2069 (15 5)"]
[Site "Internet Chess Club"]
[Date "2020.10.18"]
[Round "1"]
[White "Ananya22609"]
[Black "adimaj"]
[Result "1-0"]
[ICCResult "Black checkmated"]
[WhiteElo "1653"]
[BlackElo "1345"]
[Opening "French: advance, Milner-Barry gambit"]
[ECO "B22"]
[NIC "SI.46"]
[Time "12:05:42"]
[TimeControl "900+5"]

1. e4 c5 2. c3 e6 3. d4 d5 4. e5 Nc6 5. Nf3 Qb6 6. Bd3 Bd7 7. Bc2 h6 8. O-O
c4 9. Nbd2 Nge7 10. b3 cxb3 11. Nxb3 Rc8 12. Rb1 Qc7 13. Bd2 b6 14. Qe2 Rb8
15. Kh1 a5 16. Nc1 Ra8 17. Nd3 Bc8 18. Rfc1 Nf5 19. Nf4 Ba6 20. Bd3 Bxd3 21.
Qxd3 Be7 22. Nxd5 exd5 23. Qxf5 Qd7 24. Qxd7+ Kxd7 25. Rxb6 Ra7 26. Rcb1 Kc7
27. Bf4 Nd8 28. e6+ Kc8 29. Rb8# {Black checkmated} 1-0

[Event "ICC tourney 2069 (15 5)"]
[Site "Internet Chess Club"]
[Date "2020.10.18"]
[Round "1"]
[White "betterone76"]
[Black "arjun-venkat"]
[Result "0-1"]
[ICCResult "White resigns"]
[WhiteElo "1815"]
[BlackElo "1346"]
[Opening "Queen's gambit declined"]
[ECO "D30"]
[NIC "QP.08"]
[Time "12:05:52"]
[TimeControl "900+5"]

1. d4 d5 2. c4 e6 3. Nf3 Nf6 4. g3 Nc6 5. Bg2 Bb4+ 6. Bd2 Bxd2+ 7. Qxd2 O-O
8. O-O Ne4 9. Qe3 b6 10. cxd5 exd5 11. Nc3 Nxc3 12. bxc3 Re8 13. Qd3 Bb7 14.
Rfe1 Qf6 15. h4 Qg6 16. Qxg6 fxg6 17. Nd2 Ne7 18. e4 dxe4 19. Nxe4 Nf5 20.
Nf6+ gxf6 21. Bxb7 Rab8 22. Bd5+ Kg7 23. Be6 Nd6 24. Bd7 Rf8 25. Re7+ Rf7
26. Rae1 Rf8 27. Bc6 Rxe7 28. Rxe7+ Rf7 29. Re2 f5 30. c4 f4 31. c5 Nf5 32.
Kh2 Nxd4 33. Re4 Nxc6 34. cxb6 axb6 35. gxf4 Re7 36. Rc4 Na5 37. Rc2 Kf6 38.
Kg3 h6 39. Kf3 Kf5 40. Rd2 c6 41. Rb2 b5 42. Rc2 Nc4 43. a4 Re4 44. axb5
Rxf4+ 45. Kg3 cxb5 46. Rc3 b4 47. Rd3 Ne5 48. Rd5 Rg4+ 49. Kh3 Rf4 50. Kg3
Rf3+ 51. Kg2 Rb3 52. Rb5 Rb1 53. Kg3 Ke4 54. Rb6 b3 55. Rb4+ Kd3 56. Kf4 Nc4
57. h5 gxh5 58. Rb5 b2 {White resigns} 0-1

[Event "ICC tourney 2069 (15 5)"]
[Site "Internet Chess Club"]
[Date "2020.10.18"]
[Round "1"]
[White "Nani123"]
[Black "weakfish"]
[Result "0-1"]
[ICCResult "White checkmated"]
[WhiteElo "1006"]
[BlackElo "1542"]
[Opening "Caro-Kann: exchange variation"]
[ECO "B13"]
[NIC "CK.02"]
[Time "12:05:49"]
[TimeControl "900+5"]

1. e4 c6 2. d4 d5 3. exd5 cxd5 4. Bd3 h6 5. c3 Nf6 6. Nf3 Bg4 7. Nbd2 e6 8.
h3 Bxf3 9. Nxf3 Nbd7 10. O-O Be7 11. Bf4 O-O 12. Ne5 Rc8 13. Qf3 a6 14. g4
Nh7 15. Bc2 Ndf6 16. h4 Ne4 17. Bxe4 dxe4 18. Qg3 Bxh4 19. Qe3 f5 20. Ng6
Rf7 21. gxf5 exf5 22. Ne5 Rf6 23. Kh1 g5 24. Bh2 Qd5 25. Kg1 f4 26. Qh3 Rd8
27. Rfe1 e3 28. Ng4 exf2+ 29. Nxf2 Rg6 30. Re5 Qc6 31. Ne4 Qb6 32. b3 Qc7
33. Kf1 Qf7 34. Rf5 Qe6 35. Rf8+ Rxf8 36. Qxe6+ Rxe6 37. Nd2 g4 38. Kg2 Re2+
39. Kh1 Rxd2 40. Rg1 g3 41. Bxg3 Bxg3 42. Ra1 f3 43. Rf1 Rxa2 44. d5 Ng5 45.
c4 Nh3 46. c5 Rh2# {White checkmated} 0-1

[Event "ICC tourney 2069 (15 5)"]
[Site "Internet Chess Club"]
[Date "2020.10.18"]
[Round "1"]
[White "bengernt"]
[Black "danielbest"]
[Result "0-1"]
[ICCResult "White resigns"]
[WhiteElo "1311"]
[BlackElo "1477"]
[Opening "Sicilian: Najdorf, Byrne (English) attack"]
[ECO "B90"]
[NIC "SI.14"]
[Time "12:06:08"]
[TimeControl "900+5"]

1. e4 c5 2. Nf3 d6 3. d4 cxd4 4. Nxd4 Nf6 5. Nc3 a6 6. Be3 e5 7. Nb3 Be6 8.
Be2 Be7 9. Nd5 Nxd5 10. exd5 Bd7 11. a4 O-O 12. O-O f5 13. c4 Be8 14. f4
exf4 15. Bxf4 Nd7 16. Nd4 Qb6 17. Qd2 Nf6 18. Bf3 Bf7 19. a5 Qc7 20. Qd3 g6
21. b3 Nd7 22. Rfe1 Nc5 23. Qc3 Bf6 24. Rad1 Rfe8 25. Rxe8+ Rxe8 26. b4 Nd7
27. Qd3 Ne5 28. Bxe5 Bxe5 29. h4 Qe7 30. h5 Qh4 31. hxg6 hxg6 32. Kf1 Kg7
33. b5 Bg3 34. Ne2 Rxe2 35. Kxe2 Qf4 36. Qd4+ Qe5+ 37. Qxe5+ Bxe5 38. Kd3 g5
39. bxa6 bxa6 40. Rb1 g4 41. Be2 Bg6 42. Kd2 Kf6 43. Rb6 Bf4+ 44. Kd3 Be5
45. Rxa6 f4+ 46. Kd2 Kg5 47. Rb6 Be4 48. a6 Bd4 49. Rxd6 Be3+ 50. Ke1 Bxg2
51. Rc6 f3 52. Bd1 f2+ 53. Ke2 f1=Q+ {White resigns} 0-1

[Event "ICC tourney 2069 (15 5)"]
[Site "Internet Chess Club"]
[Date "2020.10.18"]
[Round "1"]
[White "blueocean07"]
[Black "jkpoet777"]
[Result "1-0"]
[ICCResult "Black checkmated"]
[WhiteElo "1180"]
[BlackElo "1182"]
[Opening "Budapest: Rubinstein variation"]
[ECO "A52"]
[NIC "QG.01"]
[Time "12:06:00"]
[TimeControl "900+5"]

1. d4 Nf6 2. c4 e5 3. dxe5 Ng4 4. Bf4 g5 5. Bg3 Bg7 6. Nf3 Nc6 7. Qd2 Ngxe5
8. e4 Nxf3+ 9. gxf3 Qf6 10. Nc3 Qxf3 11. Rg1 Be5 12. Bxe5 Nxe5 13. Qxg5 f6
14. Qh6 Ng4 15. Qh5+ Kd8 16. Rxg4 d5 17. Rg8+ Rxg8 18. Qxf3 dxe4 19. Qxf6+
Kd7 20. Qf7+ Kc6 21. Qd5+ Kb6 22. Qb5# {Black checkmated} 1-0

[Event "ICC tourney 2069 (15 5)"]
[Site "Internet Chess Club"]
[Date "2020.10.18"]
[Round "1"]
[White "temporarydanger"]
[Black "volver"]
[Result "0-1"]
[ICCResult "White checkmated"]
[WhiteElo "1147"]
[BlackElo "1594"]
[Opening "Ruy Lopez: modern Steinitz defense, Three knights variation"]
[ECO "C71"]
[NIC "RL.10"]
[Time "12:05:37"]
[TimeControl "900+5"]

1. e4 e5 2. Nf3 Nc6 3. Bb5 a6 4. Ba4 d6 5. Nc3 Bd7 6. d3 Nge7 7. Bg5 h6 8.
Bh4 g5 9. Bg3 Bg7 10. h4 g4 11. Nd2 h5 12. f3 O-O 13. fxg4 Bxg4 14. Qc1 Nd4
15. Rf1 c6 16. Nf3 Ng6 17. Qe3 Qa5 18. O-O-O Kh7 19. Ng5+ Kg8 20. Rd2 Bh6
21. Rdf2 Qc7 22. Bb3 Nxb3+ 23. cxb3 Rae8 24. Rxf7 Rxf7 25. Rxf7 Qxf7 26. Kc2
Qe7 27. d4 Qf6 28. dxe5 dxe5 29. Qd2 Rd8 30. Qe3 Rd7 31. Na4 Rg7 32. Nc5
Nxh4 33. Bxh4 Bxg5 34. Bxg5 Qxg5 35. Qg3 Qf4 36. Qd3 Qf2+ 37. Kb1 Qxc5 38.
Qd8+ Qf8 39. Qh4 Qf4 40. Qe1 Rd7 41. Kc2 Rd4 42. g3 Qxe4+ 43. Qxe4 Rxe4 44.
Kd3 Re2 45. b4 Rxb2 46. a3 Rb3+ 47. Ke4 Rxa3 48. Kxe5 Rxg3 49. Kd6 h4 50.
Kc7 Bf3 51. Kxb7 c5+ 52. Kb6 cxb4 53. Ka5 b3 54. Ka4 b2 55. Ka5 b1=Q 56.
Kxa6 Bg4 57. Ka5 Ra3# {White checkmated} 0-1

[Event "ICC tourney 2069 (15 5)"]
[Site "Internet Chess Club"]
[Date "2020.10.18"]
[Round "1"]
[White "Camrynz1"]
[Black "cooljay"]
[Result "0-1"]
[ICCResult "White checkmated"]
[WhiteElo "1480"]
[BlackElo "2059"]
[Opening "Queen's pawn: London system"]
[ECO "A45"]
[NIC "QP.07"]
[Time "12:05:54"]
[TimeControl "900+5"]

1. d4 Nf6 2. Bf4 g6 3. Nd2 d5 4. e3 Bg7 5. Ngf3 O-O 6. Bd3 c5 7. c4 Nc6 8.
O-O cxd4 9. exd4 dxc4 10. Bxc4 Nxd4 11. Be3 Nf5 12. Re1 b6 13. Qb3 Bb7 14.
Rad1 Nxe3 15. Rxe3 e6 16. Nf1 Qe7 17. Red3 Rfd8 18. Ng3 Nd7 19. Bb5 Nc5 20.
Rxd8+ Rxd8 21. Rxd8+ Qxd8 22. Qa3 Qd1+ 23. Bf1 Ba6 24. b4 Bxf1 25. Nxf1 Qa4
26. Qxa4 Nxa4 27. Ne3 Nc3 28. a3 Nb1 29. a4 Bf8 30. b5 Nc3 31. Ne5 Nxa4 32.
Nd1 Nc5 33. Nc6 a6 34. Nc3 axb5 35. Nxb5 Nd7 36. f4 Bc5+ 37. Kf1 Kg7 38. g4
f6 39. Ke2 e5 40. f5 gxf5 41. gxf5 Kh6 42. Kf3 Kg5 43. Ke4 Bg1 44. h3 Nc5+
45. Kd5 Kxf5 46. Ne7+ Kg5 47. Nd6 Kh4 48. Ne4 Nxe4 49. Kxe4 Kxh3 50. Kf5 b5
51. Nd5 Bd4 52. Kxf6 h5 53. Kf5 h4 54. Ke4 Kg3 55. Nf4 exf4 56. Kxd4 h3 57.
Kc5 h2 58. Kxb5 h1=Q 59. Kc5 f3 60. Kd4 f2 61. Kc3 f1=Q 62. Kd4 Qh4+ 63. Ke5
Qb5+ 64. Kd6 Qf6+ 65. Kc7 Qbb6+ 66. Kc8 Qfe6# {White checkmated} 0-1

[Event "ICC tourney 2069 (15 5)"]
[Site "Internet Chess Club"]
[Date "2020.10.18"]
[Round "1"]
[White "spellking98"]
[Black "Tacticsguy52"]
[Result "1-0"]
[ICCResult "Black checkmated"]
[WhiteElo "2113"]
[BlackElo "1877"]
[Opening "Ruy Lopez: Wormald (Alapin) attack"]
[ECO "C77"]
[NIC "RL.12"]
[Time "12:06:05"]
[TimeControl "900+5"]

1. e4 e5 2. Nf3 Nc6 3. Bb5 a6 4. Ba4 Nf6 5. Qe2 b5 6. Bb3 Be7 7. a4 b4 8. a5
O-O 9. O-O d6 10. h3 Be6 11. Bxe6 fxe6 12. d3 Qe8 13. Nbd2 Qg6 14. Nc4 Nd4
15. Nxd4 exd4 16. f4 Nh5 17. Qg4 Qf7 18. Bd2 Nf6 19. Qf3 Rab8 20. b3 Nd7 21.
Ra4 c5 22. Raa1 d5 23. exd5 exd5 24. Nb2 Rb5 25. Nd1 Bd8 26. Nf2 Nf6 27. Ng4
Rxa5 28. Rxa5 Bxa5 29. Nxf6+ gxf6 30. Ra1 Bb6 31. Rxa6 Qb7 32. Ra1 Ra8 33.
Qg4+ Kh8 34. Re1 Rg8 35. Qf5 Qf7 36. Re6 Bd8 37. Qxd5 Qa7 38. Re1 Qg7 39.
Qf3 Qa7 40. Qe2 Qa2 41. Bc1 Qa8 42. g4 h5 43. g5 fxg5 44. Qxh5+ Kg7 45. fxg5
Qb8 46. Qh6+ Kf7 47. Qh7+ Rg7 48. Qf5+ Kg8 49. Re8# {Black checkmated} 1-0

[Event "ICC tourney 2069 (15 5)"]
[Site "Internet Chess Club"]
[Date "2020.10.18"]
[Round "1"]
[White "JonnyTurgi"]
[Black "chessplayz"]
[Result "1-0"]
[ICCResult "Black checkmated"]
[WhiteElo "1931"]
[BlackElo "1438"]
[Opening "QGD: Marshall defense"]
[ECO "D06"]
[NIC "QP.08"]
[Time "12:06:05"]
[TimeControl "900+5"]

1. d4 d5 2. c4 Nf6 3. cxd5 Nxd5 4. Nf3 Nc6 5. e4 Nf6 6. Nc3 Bg4 7. Be3 e6 8.
Be2 Bb4 9. h3 Bh5 10. Qd3 Qe7 11. a3 Ba5 12. b4 Bb6 13. O-O O-O-O 14. g4 Bg6
15. g5 Nh5 16. Qc4 h6 17. gxh6 gxh6 18. Kh1 Rhg8 19. Rg1 Bh7 20. Rad1 Qd7
21. Ne5 Nxe5 22. dxe5 Qe7 23. Rxd8+ Qxd8 24. Bxb6 axb6 25. Bxh5 Rxg1+ 26.
Kxg1 Qg8+ 27. Kh2 c6 28. f4 b5 29. Qe2 Qf8 30. Qd2 f6 31. Qd6 Qg8 32. exf6
Bg6 33. Bxg6 Qxg6 34. Qxe6+ Kd8 35. Qe7+ Kc8 36. f7 Kb8 37. f8=Q+ Ka7 38.
Qc5+ b6 39. Qfe7+ Ka6 40. Qf5 Qxf5 41. exf5 c5 42. Qe4 cxb4 43. Qa8#
{Black checkmated}
1-0

[Event "ICC tourney 2069 (15 5)"]
[Site "Internet Chess Club"]
[Date "2020.10.18"]
[Round "1"]
[White "mexicoreal"]
[Black "meiyab"]
[Result "1-0"]
[ICCResult "Black resigns"]
[WhiteElo "1980"]
[BlackElo "1451"]
[Opening "QP counter-gambit (elephant gambit)"]
[ECO "C40"]
[NIC "KP.10"]
[Time "12:05:52"]
[TimeControl "900+5"]

1. e4 e5 2. Nf3 d5 3. exd5 e4 4. Qe2 Nf6 5. Nc3 Bf5 6. Nd4 Bg6 7. Qb5+ Nbd7
8. Qxb7 Qb8 9. Qc6 Bd6 10. Ba6 Qd8 11. Ncb5 O-O 12. Nxd6 cxd6 13. Qxd6 Qb6
14. Qxb6 axb6 15. Bc4 Ne5 16. Bb3 Rad8 17. Nc6 Nxc6 18. dxc6 Rc8 19. O-O
Rxc6 20. c3 Nd7 21. f3 exf3 22. Rxf3 Nc5 23. d4 Nxb3 24. axb3 Be4 25. Re3 f5
26. c4 b5 27. Rc3 Rg6 28. g3 b4 29. Re3 Rd8 30. d5 Bc2 31. Bd2 f4 32. Rf3
fxg3 33. hxg3 Be4 34. Re3 Re8 35. Rae1 Rg4 36. d6 Re6 37. d7 Rd6 38. Rxe4
Rxe4 39. Rxe4 Rxd2 40. Re8+ Kf7 41. d8=Q Rxd8 42. Rxd8 Ke7 43. Rb8 Kd7 44.
Rb7+ Kc6 45. Rxg7 Kc5 46. Rxh7 Kd4 47. Rd7+ {Black resigns} 1-0

[Event "ICC tourney 2069 (15 5)"]
[Site "Internet Chess Club"]
[Date "2020.10.18"]
[Round "1"]
[White "akhilv"]
[Black "rhohn"]
[Result "0-1"]
[ICCResult "White forfeits on time"]
[WhiteElo "920"]
[BlackElo "919"]
[Opening "Ruy Lopez: four knights (Tarrasch) variation"]
[ECO "C77"]
[NIC "RL.12"]
[Time "12:05:52"]
[TimeControl "900+5"]

1. e4 e5 2. Nf3 Nc6 3. Bb5 a6 4. Ba4 Nf6 5. Nc3 b5 6. Bb3 Be7 7. O-O O-O 8.
Re1 d6 9. h3 Na5 10. d3 Nxb3 11. axb3 Ne8 12. Nxb5 Bxh3 13. Nc3 Bg4 14. Be3
f5 15. Kf1 fxe4 16. dxe4 c6 17. Qe2 d5 18. Rad1 Nd6 19. Na4 dxe4 20. Qd2
exf3 21. gxf3 Bxf3 22. Ra1 Qd7 {White forfeits on time} 0-1